 Dungeon Crawl Stone Soup version 0.23.1 (webtiles) character file.

Game seed: 8018438079543693078

144 Kniotic the Insei (level 5, 0/41 HPs)
             Began as a Demonspawn Monk on Mar 3, 2019.
             Slain by an orc
             ... wielding a +3 trident
              (6 damage)
             ... on level 3 of the Dungeon.
             The game lasted 00:02:22 (2733 turns).

Kniotic the Insei (Demonspawn Monk)                 Turns: 2733, Time: 00:02:23

Health: 0/41       AC:  2    Str: 11    XL:     5   Next: 5%
Magic:  5/5        EV: 12    Int: 11    God:
Gold:   120        SH:  0    Dex: 21    Spells: 4/4 levels left

rFire    + . .     SeeInvis .     - Unarmed
rCold    . . .     Gourm    .   (no shield)
rNeg     . . .     Faith    .   a - +0 robe
rPois    .         Spirit   .   (no helmet)
rElec    .         Reflect  .   (no cloak)
rCorr    .         Harm     .   (no gloves)
MR       .....                  (no boots)
Stlth    +++.......             (no amulet)
HPRegen  0.13/turn              (no ring)
MPRegen  0.09/turn              (no ring)

@: heavily drained
A: thin skeletal structure 2, fire resistance 1, powered by death 1
a: no special abilities


You were on level 3 of the Dungeon.
You were not hungry.

You visited 1 branch of the dungeon, and saw 3 of its levels.

You collected 120 gold pieces.

Inventory:

Armour
 a - a +0 robe (worn)
Scrolls
 c - 2 scrolls of fog {unknown}
 d - a scroll of enchant armour {unknown}
 e - 2 scrolls of identify
 h - a scroll of remove curse
 k - 2 scrolls of random uselessness {unknown}
 m - a scroll of magic mapping {unknown}
Potions
 f - 2 potions of curing
 i - a potion of heal wounds {unknown}
 j - a potion of degeneration {unknown}
 l - a potion of berserk rage {unknown}
 n - a potion of lignification {unknown}
Comestibles
 b - 6 rations
 g - 2 chunks of flesh


   Skills:
 - Level 3.0(1.5) Fighting
 - Level 2.6(1.2) Dodging
 - Level 1.7(0.3) Stealth
 + Level 5.3(3.7) Unarmed Combat


You had 4 spell levels left.
You didn't know any spells.
Your spell library was empty.

Dungeon Overview and Level Annotations

Branches:
Dungeon (3/15)

Altars:
The Shining One


Innate Abilities, Weirdness & Mutations

You have a moderately thin skeletal structure. (Dex +4, Stealth+)
Your flesh is heat resistant. (rF+)
You regenerate a little health from kills.


Message History

The orc closely misses you.
You hit the orc.
The orc is almost dead.
The orc misses you.
The orc hits you from afar with a +3 trident.
You closely miss the orc.
The orc is almost dead.
The orc barely misses you.
The orc hits you from afar with a +3 trident.
* * * LOW HITPOINT WARNING * * *
You hit the orc.
You kill the orc!
The orc hits you from afar with a +3 trident!
* * * LOW HITPOINT WARNING * * *
A leopard gecko comes into view.
The leopard gecko moves out of view.
The leopard gecko hisses angrily.
There is a stone staircase leading up here.
The orc hits you from afar with a +3 trident.
You die...

#........# #.# #........#
#.# # #........######.###
#................##
#........##....#.##
#..............#..#
#############..o........##.#
#............o...o......##o#
#..........@l...........##..
#.......................###.
#...................##### #.
#.....).............# #.
#...................# #.
#############.......# ##
#.......# # #.......# #
#.......# #


You could see 3 orcs and a leopard gecko.

Vanquished Creatures
  7 adders
  A gnoll (D:1)
  4 leopard geckos
  3 orcs (D:3)
  7 bats
  2 giant cockroaches (D:1)
  8 goblins
  5 hobgoblins
  9 jackals
  A quokka (D:2)
  4 frilled lizards
  7 kobolds
  6 rats
64 creatures vanquished.

Notes
Turn   | Place    | Note
-------+----------+-------------------------------------------
     0 | D:1      | Kniotic the Demonspawn Monk began the quest for the Orb.
     0 | D:1      | Reached XP level 1. HP: 18/18 MP: 1/1
    35 | D:1      | Reached skill level 3 in Unarmed Combat
   255 | D:1      | Gained mutation: Your flesh is heat resistant. (rF+)
                  | [demonic ancestry]
   255 | D:1      | Reached XP level 2. HP: 24/24 MP: 2/2
   408 | D:1      | Gained mutation: You regenerate a little health from kills.
                  | [demonic ancestry]
   408 | D:1      | Reached XP level 3. HP: 12/29 MP: 3/3
   843 | D:1      | Reached skill level 4 in Unarmed Combat
  1528 | D:2      | Gained mutation: You have a somewhat thin skeletal
                  | structure. (Dex +2, Stealth) [demonic ancestry]
  1528 | D:2      | Reached XP level 4. HP: 26/35 MP: 4/4
  1859 | D:2      | Reached skill level 5 in Unarmed Combat
  1963 | D:2      | Found a glowing golden altar of the Shining One.
  2647 | D:3      | Gained mutation: You have a moderately thin skeletal
                  | structure. (Dex +4, Stealth+) [demonic ancestry]
  2647 | D:3      | Reached XP level 5. HP: 34/41 MP: 5/5
  2733 | D:3      | Slain by an orc

Skill      XL: |  1  2  3  4 |
---------------+-------------+-----
Unarmed Combat | 3 4 5 |  5.3
Fighting       | |  3.0
Dodging        | |  2.6
Stealth        | |  1.7

Action                   |  1- 3 |  4- 6 || total
-------------------------+-------+-------++-------
Melee: Unarmed           |   140 |   101 ||   241
       Punch             |     3 |     1 ||     4
  Use: Scroll            |       |     2 ||     2
 Stab: Sleeping          |     7 |     5 ||    12
  Eat: Chunk             |     2 |     4 ||     6
Armor: Robe              |    34 |    19 ||    53
Dodge: Dodged            |    95 |    73 ||   168
